 Dungeon Crawl Stone Soup version 0.23-a0-378-gd7a6ca6 (webtiles) character file.

2832 MisterFreud the Poker (level 9, -2/68 HPs)
             Began as a Naga Ice Elementalist on Oct 27, 2018.
             Was an Initiate of Cheibriados.
             Slain by a hog (10 damage)
             ... on level 7 of the Dungeon.
             The game lasted 00:33:18 (8402 turns).

MisterFreud the Poker (Naga Ice Elementalist)       Turns: 8402, Time: 00:33:18

Health: -2/68      AC: 14    Str: 16    XL:     9   Next: 73%
Magic:  4/12       EV: 13    Int: 19    God:    Cheibriados [......]
Gold:   308        SH:  0    Dex: 21    Spells: 6/12 levels left

rFire    . . .     SeeInvis +   f - +0 spear
rCold    + . .     Gourm    .   (no shield)
rNeg     . . .     Faith    .   H - +0 robe "Xiocreseyts" {-Tele Str+4 Dex+8} (curse)
rPois    +         Spirit   .   (no helmet)
rElec    .         Reflect  .   C - +0 cloak
rCorr    .         Harm     .   l - +1 pair of gloves
MR       +....     NoTele   +   (no barding)
Stlth    +++.......             (no amulet)
HPRegen  0.21/turn              m - ring of protection from cold
MPRegen  0.13/turn              (no ring)

@: icy armour, very slightly contaminated, very slow
A: large, see invisible, deformed body, poison resistance, slowness 2, slow
metabolism 1, spit poison 1, AC +3
a: Spit Poison, Bend Time, Renounce Religion


You were on level 7 of the Dungeon.
You worshipped Cheibriados.
Cheibriados was noncommittal.
You were not hungry.

You visited 2 branches of the dungeon, and saw 8 of its levels.

You collected 308 gold pieces.

Inventory:

Hand Weapons
 d - a +1 short sword
 f - a +0 spear (weapon)
 n - a +0 hunting sling
 s - a +0 blowgun
Missiles
 b - 51 arrows
 g - 190 stones (quivered)
 h - 2 javelins
 k - 45 bolts
 o - 66 sling bullets
 q - 11 curare-tipped needles
 y - 10 tomahawks
 E - 5 poisoned needles
Armour
 a - a +0 robe
 l - a +1 pair of gloves (worn)
 v - the cursed -2 helmet of Death Resistance {-Tele *Slow +Inv Slay+4 Stlth+}
   (You took it off Robin on level 4 of the Dungeon)

   It affects your accuracy and damage with ranged weapons and melee attacks
   (+4).
   It lets you turn invisible.
   It prevents most forms of teleportation.
   It may slow you when you take damage.
   It makes you more stealthy.
   It has a curse placed upon it.
 x - a +2 robe of magic resistance
 C - a +0 cloak (worn)
 F - the cursed +1 scale mail "Moeff" {rPois Regen+ Int+2}
   (You took it off an orc on level 6 of the Dungeon)

   It affects your intelligence (+2).
   It protects you from poison.
   It increases your rate of regeneration.
   It has a curse placed upon it.
 H - the cursed +0 robe "Xiocreseyts" (worn) {-Tele Str+4 Dex+8}
   (You found it on level 7 of the Dungeon)

   It affects your strength (+4).
   It affects your dexterity (+8).
   It prevents most forms of teleportation.
   It has a curse placed upon it.
Jewellery
 m - a ring of protection from cold (left hand)
Wands
 r - a wand of enslavement (5)
 A - a wand of iceblast (11)
Scrolls
 j - a scroll of amnesia
 w - 3 scrolls of magic mapping
 z - a scroll of enchant weapon
 B - a scroll of teleportation
Potions
 e - a potion of flight
 i - a potion of invisibility {unknown}
 p - a potion of resistance
 t - a potion of curing
 u - 3 potions of mutation
 D - a potion of degeneration {unknown}
 G - a potion of brilliance {unknown}
Comestibles
 c - 13 rations
 I - 2 chunks of flesh


   Skills:
 + Level 7.9 Polearms
 + Level 2.8 Armour
 - Level 4.7 Dodging
 - Level 5.0 Stealth
 - Level 2.0 Spellcasting
 - Level 3.5 Conjurations
 - Level 5.1 Charms
 - Level 5.0 Ice Magic


You had 6 spell levels left.
You knew the following spells:

 Your Spells              Type           Power        Failure   Level  Hunger
a - Freeze                Ice            ###.         2%          1    #......
b - Throw Frost           Conj/Ice       ###...       4%          2    ###....
c - Ozocubu's Armour      Chrm/Ice       ###.....     6%          3    ###....

Your spell library contained the following spells:

 Spells                   Type           Power        Failure   Level  Hunger
 Animate Skeleton         Necr           N/A          17%         1    #......
 Apportation              Tloc           #.....       17%         1    #......
 Confusing Touch          Hex            #.....       17%         1    #......
 Summon Small Mammal      Summ           #...         17%         1    #......
 Throw Icicle             Conj/Ice       ###.....     28%         4    #####..
 Summon Ice Beast         Ice/Summ       ##......     52%         4    #####..


Dungeon Overview and Level Annotations

Branches:
Dungeon (7/15)             Temple (1/1) D:5

Altars:
Cheibriados
Dithmenos
Elyvilon
Fedhas
Gozag
Hepliaklqana
Kikubaaqudgha
Makhleb
Nemelex Xobeh
Okawaru
Ru
Sif Muna
Trog
Uskayaw
Vehumet
Wu Jian
Xom
Yredelemnul
Zin
The Shining One

Annotations:
D:6 exclusion: oklob plant


Innate Abilities, Weirdness & Mutations

You cannot wear boots.
Your serpentine skin is tough. (AC +3)
You have supernaturally acute eyesight. (SInv)
Armour fits poorly on your strangely shaped body.
Your system is resistant to poisons. (rPois)
You cover ground very slowly.
You have a slow metabolism.
You can spit poison.


Message History

You closely miss the hog.
The hog is lightly wounded.
The hog misses you.
You hit the hog.
The hog is moderately wounded.
The hog closely misses you. The hog bites you.
* * * LOW HITPOINT WARNING * * *
You closely miss the hog.
The hog is moderately wounded.
The hog closely misses you. x2
You completely miss the hog.
The hog is moderately wounded.
The hog closely misses you. x2
You hit the hog.
The hog is heavily wounded.
The hog barely misses you. The hog bites you but does no damage.
You hit the hog.
The hog is heavily wounded.
The hog bites you!
You die...

....##
##................#
### .....##
#.........######..#
# ......#
#.........#.#..#..#
.....##
#.........#.#.....#
.....#
#..........#.#....##
.....#
#####......#....#.#
....##
##......######.#
...##
#.....#........#
####
#######@.##.######
#%%..phh....#
#%...Y#..####
###'####..#
#.....#...#
#.....#..... #######
..... ...... ....


You could see a yak, 2 hogs and a human.

Vanquished Creatures
  Pikel (D:4)
  Sigmund (D:5)
  A hog (D:7)
  A slave (D:4)
  A phantom (D:7)
  An ice beast (D:6)
  3 ogres
  A centaur (D:5)
  A big kobold (D:7)
  2 bullfrogs
  A gnoll sergeant (D:6)
  4 scorpions
  A water moccasin skeleton (D:6)
  3 howler monkeys
  3 crimson imps
  2 hounds
  An orc priest (D:3)
  A jelly (D:7)
  2 bullfrog skeletons
  6 orc wizards
  A centaur skeleton (D:5)
  Ijyb (D:3)
  Natasha (thrice) (D:2)
  2 worker ants (D:4)
  A mummy (D:7)
  Robin (D:4)
  5 gnolls
  11 adders
  An ooze (D:3)
  An adder zombie (D:6)
  2 adder skeletons (D:4)
  5 worms
  2 dart slugs
  6 leopard geckos
  22 orcs
  7 giant cockroaches
  15 goblins
  10 hobgoblins
  3 jackals (D:2)
  13 kobolds
  4 quokkas
  9 bats
  3 frilled lizards
  A hobgoblin zombie (D:7)
  2 kobold zombies (D:7)
  An orc zombie (D:7)
  28 rats
197 creatures vanquished.

Vanquished Creatures (collateral kills)
  A quokka (D:6)
1 creature vanquished.

Vanquished Creatures (others)
  2 orcs
2 creatures vanquished.

Grand Total: 200 creatures vanquished

Notes
Turn   | Place    | Note
-------+----------+-------------------------------------------
     0 | D:1      | MisterFreud the Naga Ice Elementalist began the quest for
                  | the Orb.
     0 | D:1      | Reached XP level 1. HP: 15/15 MP: 3/3
   133 | D:1      | Reached XP level 2. HP: 22/22 MP: 0/5
   459 | D:1      | Reached skill level 5 in Stealth
   578 | D:1      | Reached XP level 3. HP: 28/28 MP: 6/6
  1081 | D:2      | Reached XP level 4. HP: 20/36 MP: 3/7
  1082 | D:2      | Noticed Natasha
  1093 | D:2      | Killed Natasha
  1333 | D:2      | Noticed Natasha
  1344 | D:2      | Killed Natasha
  1344 | D:2      | Reached skill level 5 in Ice Magic
  1344 | D:2      | Reached XP level 5. HP: 39/42 MP: 2/8
  1348 | D:2      | Learned a level 2 spell: Throw Frost
  1352 | D:2      | Learned a level 3 spell: Ozocubu's Armour
  1356 | D:2      | Found a shimmering altar of Xom.
  1407 | D:2      | Noticed Natasha
  1413 | D:2      | Killed Natasha
  1504 | D:2      | Reached skill level 1 in Charms
  2126 | D:3      | Found a white marble altar of Elyvilon.
  2126 | D:3      | Noticed Ijyb
  2135 | D:3      | Killed Ijyb
  2235 | D:3      | Reached XP level 6. HP: 49/49 MP: 3/9
  2842 | D:3      | Found an opulent altar of Gozag.
  3184 | D:4      | Identified the cursed -2 helmet of Death Resistance {-Tele
                  | *Slow +Inv Slay+4 Stlth+}
  3184 | D:4      | Noticed Robin
  3213 | D:4      | Killed Robin
  3278 | D:4      | Reached XP level 7. HP: 10/55 MP: 0/10
  3784 | D:4      | Found a sparkling altar of Nemelex Xobeh.
  3994 | D:4      | Noticed Pikel
  4007 | D:4      | Killed Pikel
  4007 | D:4      | Reached skill level 5 in Charms
  4007 | D:4      | Reached XP level 8. HP: 57/62 MP: 2/11
  4506 | D:4      | Reached skill level 1 in Polearms
  4646 | D:5      | Entered Level 5 of the Dungeon
  4712 | D:5      | Noticed Sigmund
  4854 | D:5      | Killed Sigmund
  4870 | D:5      | Found a glowing golden altar of the Shining One.
  4887 | D:5      | Reached skill level 2 in Polearms
  4940 | D:5      | Reached skill level 3 in Polearms
  5133 | D:5      | Found a staircase to the Ecumenical Temple.
  5139 | Temple   | Entered the Ecumenical Temple
  5341 | D:5      | Reached skill level 4 in Polearms
  5658 | D:5      | Found a blossoming altar of Fedhas.
  5662 | D:5      | Found a deep blue altar of Sif Muna.
  5663 | D:5      | Found a sacrificial altar of Ru.
  5806 | D:6      | Reached skill level 5 in Polearms
  5806 | D:6      | Reached XP level 9. HP: 68/68 MP: 9/12
  6024 | D:6      | Reached skill level 6 in Polearms
  6037 | D:6      | Identified the cursed +1 scale mail "Moeff" {rPois Regen+
                  | Int+2}
  6059 | D:6      | Found a hazy altar of Hepliaklqana.
  6077 | D:6      | HP: 2/68 [gnoll sergeant/+0 spear (7)]
  7247 | D:6      | Reached skill level 7 in Polearms
  7291 | D:6      | Reached skill level 1 in Armour
  7900 | D:6      | Found a blossoming altar of Fedhas.
  7913 | D:6      | Noticed an oklob plant
  7953 | D:7      | Found a snail-covered altar of Cheibriados.
  7957 | D:7      | Became a worshipper of Cheibriados the Contemplative
  8280 | D:7      | Got a fabulously ornate robe
  8291 | D:7      | Identified the cursed +0 robe "Xiocreseyts" {-Tele Str+4
                  | Dex+8} (You found it on level 7 of the Dungeon)
  8402 | D:7      | Slain by a hog

Vault maps used:
D:1:      eino_arrival_water_cross, minmay_misc_feat_five,
          minmay_misc_feat_ornament
D:2:      lemuel_coloured_pillars_altar, first_ration, minmay_misc_feat_pillars,
          kennysheep_pointless_box, minmay_rat_hole, uniq_natasha
D:3:      lemuel_crystal_altar, nicolae_gozag_seed_capital, minivault_27,
          uniq_ijyb
D:4:      old_standard_altar, uniq_pikel, uniq_robin
D:5:      grunt_temple_overflow_open, tso_oasis_becter,
          minmay_temple_entry_fiery, basic_altar, portal_sewer_entry_a,
          uniq_sigmund
D:6:      overflow_temple_1_default, tgw_fedhas
D:7:      cheibriados_altar_1, grunt_livestock, minmay_mini_ossuary
Temple:   jpeg_temple_clearing

Skill      XL: |  1  2  3  4  5  6  7  8  9 |
---------------+----------------------------+-----
Stealth        | 4 5 |  5.0
Ice Magic      | 4 5 |  5.0
Charms         | 1 3 5 |  5.1
Dodging        | 2 3 4 |  4.7
Conjurations   | 3 |  3.5
Polearms       | 5 7 |  7.9
Armour         | 2 |  2.8
Spellcasting   | |  2.0

Action                   |  1- 3 |  4- 6 |  7- 9 || total
-------------------------+-------+-------+-------++-------
Melee: Dagger            |     1 |       |       ||     1
       Short sword       |    25 |   159 |     8 ||   192
       Spear             |       |       |   513 ||   513
Throw: Stone             |       |       |     2 ||     2
 Cast: Freeze            |    37 |    83 |   139 ||   259
       Ozocubu's Armour  |       |     8 |    39 ||    47
       Throw Frost       |       |     3 |     1 ||     4
Evoke: Wand              |       |       |     5 ||     5
  Use: Scroll            |       |     7 |     8 ||    15
       Potion            |       |       |     1 ||     1
 Stab: Sleeping          |     8 |    16 |    14 ||    38
  Eat: Chunk             |     1 |     9 |    14 ||    24
       Ration            |       |       |     2 ||     2
Armor: Robe              |    10 |    76 |   237 ||   323
Dodge: Dodged            |    29 |   133 |   382 ||   544

Table legend:
 A = Non-vault XP
 B = Vault XP
 C = Vault XP percentage of total XP
 D = Non-vault monster count
 E = Vault monster count
 F = Vault count percentage of total count
                 A         B        C        D         E       F
            +---------+---------+-------+---------+---------+-------
      Total |    2889 |    1157 |  28.6 |     155 |      44 |  22.1
            +---------+---------+-------+---------+---------+-------
        D:1 |      34 |       0 |   0.0 |      22 |       0 |   0.0
        D:2 |     185 |      55 |  22.9 |      34 |      20 |  37.0
        D:3 |     150 |      36 |  19.4 |      20 |       1 |   4.8
        D:4 |     459 |     622 |  57.5 |      14 |      12 |  46.2
        D:5 |     517 |     226 |  30.4 |      15 |       5 |  25.0
        D:6 |     984 |       0 |   0.0 |      32 |       0 |   0.0
        D:7 |     560 |     218 |  28.0 |      18 |       6 |  25.0
            +---------+---------+-------+---------+---------+-------
